TOP OF THE 1ST |
San Diego Padres batting - Pitching for California Angels : RHP Matt Decker
|
Pitching: RHP Matt Decker
|
|
Batting: RHB Hildo Pot
|
0-0: Ball 1-0: Ball 2-0: Ball 3-0: Called Strike 3-1: Fly out, F4 (Line Drive, 4M, EV 67.5 MPH)
|
Batting: SHB Terry Tuckfard
|
0-0: Ball 1-0: Ground out U3 (Groundball, 34S, EV 92.5 MPH)
|
Batting: RHB C.J. Beavers
|
0-0: Ground out 1-3 (Groundball, 34S, EV 73.8 MPH)
|
Top of the 1st over - 0 runs, 0 hits, 0 errors, 0 left on base; San Diego 0 - California 0 |
BOTTOM OF THE 1ST |
California Angels batting - Pitching for San Diego Padres : LHP Gerardo Amendoeira
|
Pitching: LHP Gerardo Amendoeira
|
|
Batting: RHB Bjoern Waltersson
|
0-0: Foul Ball, location: 2F 0-1: Ground out 5-3 (Groundball, 56S, EV 73.8 MPH)
|
Batting: LHB Rusty Ney
|
0-0: Foul Ball, location: 2F 0-1: Ball 1-1: Swinging Strike 1-2: Ball 2-2: Strikes out swinging
|
Batting: RHB Preston Deakyne
|
0-0: Ball 1-0: Ball 2-0: Called Strike 2-1: Foul Ball, location: 2F 2-2: Ball 3-2: Foul Ball, location: 2F 3-2: Base on Balls
|
Batting: RHB Nick Dunn
|
0-0: Ball 1-0: Fielders Choice at 2nd, 6-4 (Groundball, 6, EV 94.4 MPH)
|
Bottom of the 1st over - 0 runs, 0 hits, 0 errors, 1 left on base; San Diego 0 - California 0 |
TOP OF THE 2ND |
San Diego Padres batting - Pitching for California Angels : RHP Matt Decker
|
Batting: LHB James McCauley
|
0-0: Foul Ball, location: 2F 0-1: Foul Ball, location: 2F 0-2: Ball 1-2: Ball 2-2: Ball 3-2: Foul Ball, location: 2F 3-2: Strikes out swinging
|
Batting: RHB Hugo Bautista
|
0-0: Foul Ball, location: 2F 0-1: Ball 1-1: SOLO HOME RUN (Flyball, 7D, EV 96.9 MPH), Distance : 365 ft
|
Batting: LHB Kevin Bellman
|
0-0: Ball 1-0: Ball 2-0: Called Strike 2-1: Ball 3-1: Base on Balls
|
Batting: RHB Luis Torres
|
0-0: Ball 1-0: Called Strike 1-1: Ball 2-1: Ball 3-1: Called Strike 3-2: Base on Balls Kevin Bellman to second
|
Batting: LHB Mike Holt
|
0-0: Ball 1-0: Ball 2-0: Ball 3-0: Fly out, F7 (Flyball, 78M, EV 96.9 MPH)
|
Batting: LHB Chad Cutler
|
0-0: 3-RUN HOME RUN (Line Drive, 78XD, EV 115.0 MPH), Distance : 412 ft
|
Batting: RHB Hildo Pot
|
0-0: Swinging Strike 0-1: Ball 1-1: Swinging Strike 1-2: Foul Ball, location: 2F 1-2: Ball 2-2: Foul Ball, location: 2F 2-2: Ground out 6-3 (Groundball, 56D, EV 102.5 MPH)
|
Top of the 2nd over - 4 runs, 2 hits, 0 errors, 0 left on base; San Diego 4 - California 0 |
BOTTOM OF THE 2ND |
California Angels batting - Pitching for San Diego Padres : LHP Gerardo Amendoeira
|
Batting: RHB Alain Delhaye
|
0-0: Foul Ball, location: 2F 0-1: Ball 1-1: Foul Ball, location: 2F 1-2: Strikes out swinging
|
Batting: RHB Avery Maxwell
|
0-0: Ball 1-0: Called Strike 1-1: Ball 2-1: Ball 3-1: Called Strike 3-2: Base on Balls
|
Batting: RHB Ryan Munro
|
0-0: SINGLE (Groundball, 56D, EV 107.5 MPH) Avery Maxwell to second
|
Batting: LHB Javier Trujillo
|
0-0: Swinging Strike 0-1: Ball 1-1: Ball 2-1: Foul Ball, location: 2F 2-2: Strikes out swinging
|
Batting: LHB Jonathon Walton
|
0-0: Called Strike 0-1: Ball 1-1: Ball 2-1: Ball 3-1: SINGLE (Line Drive, 89M, EV 95.0 MPH) Avery Maxwell to third Ryan Munro to second Runner from 3rd tries for Home, SAFE, throw by CF to home
|
Batting: RHB Bjoern Waltersson
|
0-0: Ball 1-0: Foul Ball, location: 2F 1-1: Called Strike 1-2: Ball 2-2: Ball 3-2: Strikes out swinging
|
Bottom of the 2nd over - 1 run, 2 hits, 0 errors, 2 left on base; San Diego 4 - California 1 |
TOP OF THE 3RD |
San Diego Padres batting - Pitching for California Angels : RHP Matt Decker
|
Batting: SHB Terry Tuckfard
|
0-0: Fly out, F8 (Flyball, 8LXD, EV 98.1 MPH)
|
Batting: RHB C.J. Beavers
|
0-0: Ball 1-0: Ball 2-0: Ground out 1-3 (Groundball, 13, EV 61.2 MPH)
|
Batting: LHB James McCauley
|
0-0: SINGLE (Flyball, 8LS, EV 90.0 MPH)
|
Batting: RHB Hugo Bautista
|
0-0: Foul Ball, location: 2F 0-1: Ball 1-1: Ball 2-1: Swinging Strike 2-2: Ball 3-2: Foul Ball, location: 2F 3-2: Ground out 1-3 (Groundball, 34S, EV 65.0 MPH)
|
Top of the 3rd over - 0 runs, 1 hit, 0 errors, 1 left on base; San Diego 4 - California 1 |
BOTTOM OF THE 3RD |
California Angels batting - Pitching for San Diego Padres : LHP Gerardo Amendoeira
|
Batting: LHB Rusty Ney
|
0-0: Foul Ball, location: 2F 0-1: SINGLE (Line Drive, 8RS, EV 96.9 MPH)
|
Batting: RHB Preston Deakyne
|
0-0: Ball 1-0: Ball 2-0: Called Strike 2-1: Ball 3-1: Called Strike 3-2: Fly out, F8 (Flyball, 8RXD, EV 92.5 MPH) Runner from 1st tags up, SAFE at 2nd
|
Batting: RHB Nick Dunn
|
0-0: Ball Rusty Ney steals 3rd base 1-0: Swinging Strike 1-1: Fly out, F8 (Flyball, 8RD, EV 96.2 MPH) Runner from 3rd tags up, SCORES, throw by CF
|
Batting: RHB Alain Delhaye
|
0-0: Called Strike 0-1: Ground out 5-3 (Groundball, 56, EV 103.8 MPH)
|
Bottom of the 3rd over - 1 run, 1 hit, 0 errors, 0 left on base; San Diego 4 - California 2 |
TOP OF THE 4TH |
San Diego Padres batting - Pitching for California Angels : RHP Matt Decker
|
Batting: LHB Kevin Bellman
|
0-0: Foul Ball, location: 2F 0-1: Foul Ball, location: 2F 0-2: Ball 1-2: Foul Ball, location: 2F 1-2: Foul Ball, location: 2F 1-2: DOUBLE (Line Drive, 9LS, EV 102.5 MPH)
|
Batting: RHB Luis Torres
|
0-0: Ball 1-0: Called Strike 1-1: Ball 2-1: SINGLE (Line Drive, 8LS, EV 91.9 MPH) Kevin Bellman to third
|
Batting: LHB Mike Holt
|
0-0: Called Strike 0-1: Ball 1-1: Foul Ball, location: 2F 1-2: Strikes out swinging
|
Batting: LHB Chad Cutler
|
0-0: Ball 1-0: Called Strike 1-1: Fielders Choice at 2nd, 3-6 (Groundball, 3S, EV 81.2 MPH) Kevin Bellman scores
|
Pitching: RHP Jose Saenz
|
|
Batting: RHB Hildo Pot
|
0-0: Called Strike 0-1: Ball 1-1: Ball 2-1: Swinging Strike 2-2: Foul Ball, location: 2F 2-2: Fly out, F8 (Flyball, 89S, EV 84.4 MPH)
|
Top of the 4th over - 1 run, 2 hits, 0 errors, 1 left on base; San Diego 5 - California 2 |
BOTTOM OF THE 4TH |
California Angels batting - Pitching for San Diego Padres : LHP Gerardo Amendoeira
|
Batting: RHB Avery Maxwell
|
0-0: Ball 1-0: Ball 2-0: Foul Ball, location: 2F 2-1: Fly out, F8 (Flyball, 8RM, EV 84.4 MPH)
|
Batting: RHB Ryan Munro
|
0-0: Called Strike 0-1: Called Strike 0-2: Ball 1-2: Foul Ball, location: 2F 1-2: SOLO HOME RUN (Flyball, 7D, EV 101.9 MPH), Distance : 385 ft
|
Batting: LHB Javier Trujillo
|
0-0: Called Strike 0-1: SINGLE (Flyball, 8RM, EV 97.5 MPH)
|
Batting: LHB Jonathon Walton
|
0-0: Called Strike 0-1: Fly out, F7 (Line Drive, 7D, EV 92.5 MPH)
|
Batting: RHB Bjoern Waltersson
|
0-0: Ball 1-0: Fly out, F7 (Line Drive, 78M, EV 106.2 MPH)
|
Bottom of the 4th over - 1 run, 2 hits, 0 errors, 1 left on base; San Diego 5 - California 3 |
TOP OF THE 5TH |
San Diego Padres batting - Pitching for California Angels : RHP Jose Saenz
|
Batting: SHB Terry Tuckfard
|
0-0: Ball 1-0: Foul Ball, location: 2F 1-1: Foul Ball, location: 2F 1-2: Ball 2-2: Ball 3-2: Foul Ball, location: 2F 3-2: Fly out, F9 (Flyball, 9LS, EV 90.6 MPH)
|
Batting: RHB C.J. Beavers
|
0-0: Called Strike 0-1: SINGLE (Groundball, 4M, EV 98.1 MPH) (infield hit)
|
Batting: LHB James McCauley
|
0-0: Swinging Strike 0-1: Ball 1-1: Swinging Strike 1-2: Ball 2-2: Foul Ball, location: 2F 2-2: Ball 3-2: Base on Balls C.J. Beavers to second
|
Batting: RHB Hugo Bautista
|
0-0: Called Strike 0-1: Ball 1-1: Ball 2-1: Ball 3-1: Base on Balls C.J. Beavers to third James McCauley to second
|
Batting: LHB Kevin Bellman
|
0-0: Hit by Pitch C.J. Beavers scores James McCauley to third Hugo Bautista to second
|
Batting: RHB Luis Torres
|
0-0: Ball 1-0: Ball 2-0: Called Strike 2-1: Foul Ball, location: 2F 2-2: Ball 3-2: Base on Balls James McCauley scores Hugo Bautista to third Kevin Bellman to second
|
Batting: LHB Mike Holt
|
0-0: Called Strike 0-1: Hit by Pitch Hugo Bautista scores Kevin Bellman to third Luis Torres to second
|
Pitching: RHP Chris Russell
|
|
Batting: LHB Chad Cutler
|
0-0: Ball 1-0: GRAND SLAM HOME RUN (Flyball, 7D, EV 99.4 MPH), Distance : 379 ft
|
Batting: RHB Hildo Pot
|
0-0: Fly out, F6 (Popup, 6MS, EV 80.6 MPH)
|
Batting: SHB Terry Tuckfard
|
0-0: Called Strike 0-1: Swinging Strike 0-2: Fly out, F9 (Flyball, 9, EV 85.0 MPH)
|
Top of the 5th over - 7 runs, 2 hits, 0 errors, 0 left on base; San Diego 12 - California 3 |
BOTTOM OF THE 5TH |
California Angels batting - Pitching for San Diego Padres : LHP Gerardo Amendoeira
|
Batting: LHB Rusty Ney
|
0-0: Called Strike 0-1: Called Strike 0-2: Foul Ball, location: 2F 0-2: Strikes out looking
|
Batting: RHB Preston Deakyne
|
0-0: Called Strike 0-1: Foul Ball, location: 2F 0-2: Strikes out looking
|
Batting: RHB Nick Dunn
|
0-0: Called Strike 0-1: Swinging Strike 0-2: Strikes out looking
|
Bottom of the 5th over - 0 runs, 0 hits, 0 errors, 0 left on base; San Diego 12 - California 3 |
TOP OF THE 6TH |
San Diego Padres batting - Pitching for California Angels : RHP Chris Russell
|
Batting: RHB C.J. Beavers
|
0-0: Foul Ball, location: 2F 0-1: Called Strike 0-2: Ball 1-2: Ball 2-2: Ground out 6-3 (Groundball, 6, EV 109.4 MPH)
|
Batting: LHB James McCauley
|
0-0: Called Strike 0-1: Ball 1-1: SINGLE (Line Drive, 6MD, EV 98.8 MPH)
|
Batting: RHB Hugo Bautista
|
0-0: Ball 1-0: Ball 2-0: Reached on error, E6 (Groundball, 56, EV 101.9 MPH) James McCauley to second
|
Batting: LHB Kevin Bellman
|
0-0: Ball 1-0: Called Strike 1-1: Ball 2-1: Ball 3-1: Fielders Choice at 2nd, 6-4 (Groundball, 6, EV 103.1 MPH) James McCauley to third
|
Batting: RHB Luis Torres
|
0-0: Called Strike 0-1: DOUBLE (Line Drive, 78M, EV 108.1 MPH) James McCauley scores Kevin Bellman to third Runner from 3rd tries for Home, SAFE, throw by LF to home
|
Batting: LHB Mike Holt
|
0-0: Called Strike 0-1: Ball 1-1: Foul Ball, location: 2F 1-2: Ball 2-2: Ball 3-2: Ground out U3 (Groundball, 34, EV 92.5 MPH)
|
Top of the 6th over - 2 runs, 2 hits, 1 error, 1 left on base; San Diego 14 - California 3 |
BOTTOM OF THE 6TH |
California Angels batting - Pitching for San Diego Padres : LHP Gerardo Amendoeira
|
Batting: RHB Alain Delhaye
|
0-0: Ground out 6-3 (Groundball, 56, EV 86.2 MPH)
|
Batting: RHB Avery Maxwell
|
0-0: Ball 1-0: Swinging Strike 1-1: Swinging Strike 1-2: Foul Ball, location: 2F 1-2: Ball 2-2: Foul Ball, location: 2F 2-2: Foul Ball, location: 2F 2-2: Ball 3-2: Foul Ball, location: 2F 3-2: Strikes out looking
|
Batting: RHB Ryan Munro
|
0-0: Called Strike 0-1: Ball 1-1: Foul Ball, location: 2F 1-2: Fly out, F9 (Flyball, 9, EV 89.4 MPH)
|
Bottom of the 6th over - 0 runs, 0 hits, 0 errors, 0 left on base; San Diego 14 - California 3 |
TOP OF THE 7TH |
San Diego Padres batting - Pitching for California Angels : RHP Chris Russell
|
Batting: LHB Chad Cutler
|
0-0: Ball 1-0: Called Strike 1-1: Ball 2-1: Called Strike 2-2: Ball 3-2: Base on Balls
|
Pitching: LHP Trevor Sharp
|
|
Batting: RHB Hildo Pot
|
0-0: Ball 1-0: Fly out, F9 (Flyball, 89S, EV 76.2 MPH)
|
Batting: SHB Terry Tuckfard
|
0-0: Ball 1-0: Foul Ball, location: 2F 1-1: Grounds into double play, 6-4-3 (Groundball, 6, EV 91.2 MPH)
|
Top of the 7th over - 0 runs, 0 hits, 0 errors, 0 left on base; San Diego 14 - California 3 |
BOTTOM OF THE 7TH |
California Angels batting - Pitching for San Diego Padres : LHP Gerardo Amendoeira
|
Batting: LHB Javier Trujillo
|
0-0: Called Strike 0-1: Foul Ball, location: 2F 0-2: Ball 1-2: Ground out 4-3 (Groundball, 4, EV 91.2 MPH)
|
Batting: LHB Jonathon Walton
|
0-0: Called Strike 0-1: Foul Ball, location: 2F 0-2: Strikes out looking
|
Batting: RHB Bjoern Waltersson
|
0-0: DOUBLE (Line Drive, 9LS, EV 95.0 MPH)
|
Batting: LHB Rusty Ney
|
0-0: Swinging Strike 0-1: SINGLE (Groundball, 4MD, EV 107.5 MPH) Bjoern Waltersson to third Runner from 3rd tries for Home, SAFE, throw by CF to home
|
Batting: RHB Preston Deakyne
|
0-0: Fly out, F7 (Flyball, 78S, EV 88.8 MPH)
|
Bottom of the 7th over - 1 run, 2 hits, 0 errors, 1 left on base; San Diego 14 - California 4 |
TOP OF THE 8TH |
San Diego Padres batting - Pitching for California Angels : LHP Trevor Sharp
|
Batting: RHB C.J. Beavers
|
0-0: Called Strike 0-1: Called Strike 0-2: Ball 1-2: Ball 2-2: Foul Ball, location: 2F 2-2: Ball 3-2: Foul Ball, location: 2F 3-2: Foul Ball, location: 2F 3-2: Strikes out looking
|
Pinch Hitting: RHB Dave McBain
|
0-0: Called Strike 0-1: Fly out, F6 (Line Drive, 6, EV 70.0 MPH)
|
Batting: RHB Hugo Bautista
|
0-0: Fly out, F3 (Popup, 34, EV 51.2 MPH)
|
Top of the 8th over - 0 runs, 0 hits, 0 errors, 0 left on base; San Diego 14 - California 4 |
BOTTOM OF THE 8TH |
California Angels batting - Pitching for San Diego Padres : LHP Gerardo Amendoeira
|
Now in LF: Dave McBain
|
|
Batting: RHB Nick Dunn
|
0-0: Called Strike 0-1: Ball 1-1: Called Strike 1-2: Ball 2-2: Foul Ball, location: 2F 2-2: Ball 3-2: Foul Ball, location: 2F 3-2: Foul Ball, location: 2F 3-2: Base on Balls
|
Pitching: LHP Yuri Thra
|
|
Batting: RHB Alain Delhaye
|
0-0: Foul Ball, location: 2F 0-1: Fly out, F8 (Flyball, 8RD, EV 93.8 MPH)
|
Batting: RHB Avery Maxwell
|
0-0: Ball 1-0: Ball 2-0: Foul Ball, location: 2F 2-1: Foul Ball, location: 2F 2-2: SINGLE (Groundball, 56D, EV 98.1 MPH) Nick Dunn to second
|
Batting: RHB Ryan Munro
|
0-0: Ball 1-0: Foul Ball, location: 2F 1-1: Swinging Strike 1-2: Grounds into double play, 5-4-3 (Groundball, 25, EV 85.6 MPH)
|
Bottom of the 8th over - 0 runs, 1 hit, 0 errors, 1 left on base; San Diego 14 - California 4 |
TOP OF THE 9TH |
San Diego Padres batting - Pitching for California Angels : LHP Trevor Sharp
|
Pitching: LHP George Poirier
|
|
Batting: LHB Kevin Bellman
|
0-0: SINGLE (Groundball, 6MD, EV 96.2 MPH)
|
Batting: RHB Luis Torres
|
0-0: Ball 1-0: Called Strike 1-1: Foul Ball, location: 2F 1-2: Foul Ball, location: 2F 1-2: Fly out, F8 (Flyball, 8RS, EV 90.6 MPH)
|
Batting: LHB Mike Holt
|
0-0: Ball 1-0: Called Strike 1-1: Called Strike 1-2: Foul Ball, location: 2F 1-2: Foul Ball, location: 2F 1-2: Strikes out swinging
|
Batting: LHB Chad Cutler
|
0-0: Ball 1-0: Ball 2-0: Called Strike 2-1: Called Strike 2-2: Fly out, F7 (Flyball, 78S, EV 88.1 MPH)
|
Top of the 9th over - 0 runs, 1 hit, 0 errors, 1 left on base; San Diego 14 - California 4 |
BOTTOM OF THE 9TH |
California Angels batting - Pitching for San Diego Padres : LHP Yuri Thra
|
Batting: LHB Javier Trujillo
|
0-0: Fly out, F2 (Popup, 2LF, EV 88.8 MPH)
|
Pinch Hitting: RHB Ryuji Ito
|
0-0: Ball 1-0: Ball 2-0: Called Strike 2-1: Called Strike 2-2: Strikes out swinging
|
Batting: RHB Bjoern Waltersson
|
0-0: Ball 1-0: Ball 2-0: Swinging Strike 2-1: Swinging Strike 2-2: Strikes out looking
|
Bottom of the 9th over - 0 runs, 0 hits, 0 errors, 0 left on base; San Diego 14 - California 4 |
|